 Dungeon Crawl Stone Soup version 0.28.0-45-g0d030f2227 (webtiles) character file.

Game seed: 15296045578213295058

44 zeratav the Insei (level 3, 0/23 HPs)
             Began as an Octopode Transmuter on Apr 3, 2022.
             Slain by a goblin
             ... wielding a +0 dagger
             ... led by Robin
              (4 damage)
             ... on level 2 of the Dungeon.
             The game lasted 00:04:31 (1735 turns).

zeratav the Insei (Octopode Transmuter)             Turns: 1735, Time: 00:04:31

Health: 0/23       AC:  1    Str:  9    XL:     3   Next: 60%
Magic:  6/6        EV: 13    Int: 17    God:
Gold:   144        SH:  0    Dex: 12    Spells: 5/6 levels left

rFire   . . .      SeeInvis .     - Unarmed
rCold   . . .      Faith    .   (no shield)
rNeg    . . .      Spirit   .   (helmet currently unavailable)
rPois   .          Reflect  .   (no amulet)
rElec   .          Harm     .   (no ring)
rCorr   .          Rampage  .   (no ring)
Will    .....                   (no ring)
Stlth   +++.......              (no ring)
HPRegen 0.07/turn               (no ring)
MPRegen 0.10/turn               (no ring)
                                (no ring)
                                (no ring)

@: appendages (expiring)
A: tentacle spike 3, almost no armour, amphibious, 8 rings, camouflage 1,
gelatinous body 1, (nimble swimmer 1), tentacles
a: End Transformation


You were on level 2 of the Dungeon.
One of your tentacles had grown a beastly spike.
You visited 1 branch of the dungeon, and saw 2 of its levels.

You collected 144 gold pieces.

Inventory:

Missiles
 a - 49 stones (quivered)
 b - 28 sling bullets
Scrolls
 e - a scroll of enchant weapon {unknown}
 f - a scroll of enchant armour {unknown}
Potions
 c - a potion of berserk rage {unknown}
 d - 2 potions of mutation {unknown}


   Skills:
 + Level 1.0 Fighting
 * Level 2.0 Dodging
 + Level 2.0 Stealth
 * Level 3.7 Unarmed Combat
 + Level 2.2 Spellcasting
 + Level 2.2 Transmutations
 * Level 0.2 Poison Magic


You had 5 spell levels left.
You knew the following spells:

 Your Spells              Type           Power      Damage    Failure   Level
a - Beastly Appendage     Tmut           18%        N/A       8%          1

Your spell library contained the following spells:

 Spells                   Type           Power      Damage    Failure   Level
 Wereblood                Tmut           9%         N/A       11%         2
 Spider Form              Tmut/Pois      6%         N/A       34%         3
 Ice Form                 Ice/Tmut       5%         N/A       75%         4


Dungeon Overview and Level Annotations

Branches:
Dungeon (2/15)

Altars:


Innate Abilities, Weirdness & Mutations

One of your tentacles has grown a beastly spike.
You cannot wear most types of armour.
You are amphibious.
You can wear up to eight rings at the same time.
Your skin changes colour to match your surroundings (Stealth+).
Your rubbery body absorbs attacks. (AC +1, EV +1)
((You are camouflaged when in or above water. (Stealth+)))
You have tentacles for arms and can constrict up to eight enemies at once.


Message History

Robin is moderately wounded.
You constrict Robin.
Robin roars a battlecry!
You hear a shout! x3
You tentacle-slap Robin.
Robin is moderately wounded.
You constrict Robin.
You hear a shout!
Robin hits you with a +0 spear.
You tentacle-slap Robin but do no damage.
Robin is heavily wounded.
You constrict Robin.
Robin escapes!
The goblin unwields a +0 dagger.
The goblin wields a +0 hunting sling.
The goblin shoots a stone.
The stone closely misses you. Robin hits you with a +0 spear.
You tentacle-slap Robin but do no damage.
Your grab misses Robin. You squeeze Robin.
Robin is severely wounded.
The goblin shoots a stone.
The stone closely misses you. Robin barely misses you.
You tentacle-slap Robin.
You kill Robin!
Your Stealth skill increases to level 2!
Unknown command.
You barely miss the goblin. Your grab misses the goblin.
You pierce the goblin, but do no damage.
The goblin barely misses you.
You tentacle-slap the goblin. You grab the goblin.
You pierce the goblin, but do no damage.
The goblin is severely wounded.
Your transformation is almost over.
You constrict the goblin.
You kill the goblin!
The goblin unwields a +0 hunting sling.
The goblin wields a +0 dagger.
The goblin hits you with a +0 dagger.
* * * LOW HITPOINT WARNING * * *
You closely miss the goblin. Your grab misses the goblin.
Your tentacle spike misses the goblin.
Your tentacle-slap misses the goblin.
Your squeeze misses the goblin. The goblin hits you with a +0 dagger.
You die...

#.....g .. #..##. .# # ...
###.##.##.# ... ...+###
###'..<#.#..# ... #..
#..###..#...#.#.# ... #..
#.......#..g#.(.# ...##).
##.....##...#..## ...#..
#.._gg#.#.###(## .....##
##....@###g.#...# ......#
#....)..#.....#.##
....#†#####..###..#...†....###
....#.....'###.###'###........#
..#.###########................
#...######......#########..###..
##....##...###### <.... .
#..##....### .##.# ..#####..# ##
.#


You could see 2 goblins.

Vanquished Creatures
  Robin (D:2)
  An adder (D:2)
  2 ball pythons
  A bat (D:1)
  5 endoplasms
  2 giant cockroaches
  A goblin (D:2)
  4 hobgoblins
  2 kobolds
  3 rats (D:1)
22 creatures vanquished.

Vanquished Creatures (others)
  5 toadstools (D:1)
5 creatures vanquished.

Grand Total: 27 creatures vanquished

Notes
Turn   | Place    | Note
-------+----------+-------------------------------------------
     0 | D:1      | zeratav the Octopode Transmuter began the quest for the
                  | Orb.
     0 | D:1      | Reached XP level 1. HP: 13/13 MP: 3/3
   311 | D:1      | Reached XP level 2. HP: 18/18 MP: 5/5
  1305 | D:2      | Found a faded altar of an unknown god.
  1341 | D:2      | Reached skill level 1 in Stealth
  1341 | D:2      | Reached XP level 3. HP: 17/23 MP: 4/6
  1711 | D:2      | Noticed Robin
  1732 | D:2      | Killed Robin
  1735 | D:2      | Slain by a goblin

Illustrated notes

Levels and vault maps discovered:
D:1:      dpeg_arrival_court, layout_loops_ring, corexii_leaking_fountain,
          minmay_statues_item, minmay_gold_behind_fungi
D:2:      layout_rooms, hellmonk_ecumenical_altar_slurped_away, uniq_robin

Skill      XL: |  1  2  3 |
---------------+----------+-----
Stealth        | 1 2 |  2.0
Fighting       | |  1.0
Dodging        | |  2.0
Unarmed Combat | |  3.7
Spellcasting   | |  2.2
Transmutations | |  2.2
Poison Magic   | |  0.2

Action                   || total
-------------------------++-------
Melee: Unarmed           ||    49
       Kick              ||    15
       Constrict         ||    11
       Tentacles         ||     7
       Punch             ||     3
Throw: Stone             ||    33
 Cast: Beastly Appendage ||    13
 Stab: Sleeping          ||     1
Armor: Skin              ||     2
Dodge: Dodged            ||    28
